 Dungeon Crawl Stone Soup version 0.19-a0-1047-g4b671ad (webtiles) character file.

35 Musica the Sneak (level 3, 0/16 HPs)
             Began as a Spriggan Enchanter on July 31, 2016.
             Slain by a goblin
             ... wielding a +0 club
              (5 damage)
             ... on level 1 of the Dungeon.
             The game lasted 00:04:20 (716 turns).

Musica the Sneak (Spriggan Enchanter)                Turns: 716, Time: 00:04:21

Health: 0/16       AC:  3    Str:  4    XL:     3   Next: 16%
Magic:  1/8        EV: 18    Int: 17    God:
Gold:   41         SH:  0    Dex: 16    Spells: 3 memorised, 1 level left

rFire  . . .     SeeInvis +     a - +1 dagger
rCold  . . .     Gourm    .     b - +1 robe
rNeg   . . .     Faith    .     (shield restricted)
rPois  .         Spirit   .     (helmet restricted)
rElec  .         Dismiss  .     (no cloak)
rCorr  .         Reflect  .     (gloves unavailable)
SustAt .         Harm     .     (boots unavailable)
MR     .....                    (no amulet)
Stlth  +++.......               (no ring)
                                (no ring)

@: very slightly contaminated, very quick, not resistant to hostile
enchantments, fairly stealthy
A: unfitting armour, see invisible, herbivore 3, speed 3, slow metabolism 2
a: no special abilities


You were on level 1 of the Dungeon.
You were not hungry.

You visited 1 branch of the dungeon, and saw 2 of its levels.

You collected 41 gold pieces.

Inventory:

Hand Weapons
 a - a +1 dagger (weapon)
Missiles
 e - 23 stones (quivered)
 g - 18 arrows
Armour
 b - a +1 robe (worn)
Jewellery
 h - an uncursed ring of flight
Potions
 k - a potion of heal wounds
Books
 c - a book of Maledictions

   Spells                             Type                      Level
   a - Corona                         Hexes                        1
   b - Ensorcelled Hibernation        Hexes/Ice                    2
   c - Confuse                        Hexes                        3
   d - Tukima's Dance                 Hexes                        3
   e - Dazzling Spray                 Conjuration/Hexes            3
Comestibles
 d - a bread ration


   Skills:
 + Level 1.2 Short Blades
 - Level 3.0 Dodging
 + Level 5.4 Stealth
 + Level 2.8 Spellcasting
 + Level 4.4 Hexes


You had one spell level left.
You knew the following spells:

 Your Spells              Type           Power        Failure   Level  Hunger
a - Corona                Hex            ###....      2%          1    #......
b - Ensorcelled Hibernat  Hex/Ice        #.....       14%         2    ##.....
c - Tukima's Dance        Hex            ###.....     10%         3    ###....


Dungeon Overview and Level Annotations

Branches:
Dungeon (2/15)

Altars:


Innate Abilities, Weirdness & Mutations

You are tiny and cannot use many weapons and most armour.
You have supernaturally acute eyesight. (SInv)
You are a herbivore.
You cover ground extremely quickly.
You need consume almost no food.


Message History

The goblin resists with significant effort.
The goblin closely misses you.
Casting: Ensorcelled Hibernation
Confirm with . or Enter, or press ? or * to list all spells.
Aiming: Ensorcelled Hibernation
Press: ? - help, Shift-Dir - straight line, f/p - goblin
Aim: a goblin, wielding a club (chance to defeat MR: 79%)
The goblin resists with significant effort.
The goblin hits you but does no damage.
You hit the goblin but do no damage. The goblin hits you with a club.
You barely miss the goblin. The goblin hits you but does no damage.
You hit the goblin.
The goblin is heavily wounded.
The goblin hits you with a club.
You hit the goblin.
The goblin is severely wounded.
You hit the goblin.
The goblin is almost dead.
The goblin hits you with a club.
You die...

..........# #.......#.........#
..........# #.......#>........#
♣##.#.♣♣#♣♣.........#.........#
♣ #♣.## ♣###.....#.#.........#
###♣######..#.#####.#.........#
.....#.. .....# .###..######
##.###.. ......### ....## ...#
.. ......g(##..#### #### .#
#@##.# #####.# #....# ......#
#.(### ####..# #.=# #..# #..#
#..# #..# #..# #..# #..#
#######..# #..# .........#


You could see a goblin.

Vanquished Creatures
  2 gnolls (D:1)
  4 bats (D:1)
  2 giant cockroaches (D:1)
  2 hobgoblins (D:1)
  2 giant newts (D:1)
  3 kobolds (D:1)
  A rat (D:1)
16 creatures vanquished.

Notes
Turn   | Place    | Note
-------+----------+-------------------------------------------
     0 | D:1      | Musica the Spriggan Enchanter began the quest for the Orb.
     0 | D:1      | Reached XP level 1. HP: 9/9 MP: 5/5
   172 | D:1      | Reached XP level 2. HP: 9/13 MP: 4/6
   231 | D:1      | Reached skill level 5 in Stealth
   482 | D:1      | Learned a level 2 spell: Ensorcelled Hibernation
   565 | D:1      | Reached XP level 3. HP: 16/16 MP: 8/8
   570 | D:1      | Learned a level 3 spell: Tukima's Dance
   716 | D:1      | Slain by a goblin

Vault maps used:
D:1:      saegor_arrival_under_anarchy, minivault_27, minivault_5
D:2:      uniq_sigmund

Skill      XL: |  1  2 |
---------------+-------+-----
Hexes          | 4 |  4.4
Stealth        | 5 |  5.4
Short Blades   | |  1.2
Dodging        | |  3.0
Spellcasting   | |  2.8

Action                   || total
-------------------------++-------
Melee: Dagger            ||    78
 Cast: Corona            ||     9
       Ensorcelled Hiber ||     4
  Use: Potion            ||     1
       Scroll            ||     3
 Stab: Sleeping          ||     5
Armor: Robe              ||    21
Dodge: Dodged            ||    85
